 Dungeon Crawl Stone Soup version 0.29.1-1-gd02db6906a (webtiles) character file.

Game seed: 13378243454670739033

46 Araneus the Poker (level 3, -3/34 HPs)
             Began as a Naga Fighter on Sept 29, 2022.
             Slain by a gnoll
             ... wielding a +0 halberd
              (8 damage)
             ... on level 2 of the Dungeon.
             The game lasted 00:03:56 (1549 turns).

Araneus the Poker (Naga Fighter)                    Turns: 1549, Time: 00:03:57

Health: -3/34      AC:  8    Str: 20    XL:     3   Next: 68%
Magic:  3/3        EV:  5    Int:  8    God:
Gold:   43         SH:  4    Dex: 10    Spells: 2/2 levels left

rFire   . . .      SeeInvis +   a - +0 trident
rCold   . . .      Faith    .   c - +0 buckler
rNeg    . . .      Spirit   .   f - +0 chain mail
rPois   +          Reflect  .   b - +0 helmet
rElec   .          Harm     .   k - +0 cloak
rCorr   .          Rampage  .   (no gloves)
Will    .....                   (no barding)
Stlth   ..........              (no amulet)
HPRegen 0.11/turn               (no ring)
MPRegen 0.08/turn               (no ring)

@: mighty, very slow
A: AC +1, large, see invisible, deformed body, poison resistance, slowness 2,
spit poison 1, naga tail 1
a: Spit Poison


You were on level 2 of the Dungeon.
You visited 1 branch of the dungeon, and saw 2 of its levels.

You collected 43 gold pieces.

Inventory:

Hand Weapons
 a - a +0 trident (weapon)
Armour
 b - a +0 helmet (worn)
 c - a +0 buckler (worn)
 f - a +0 chain mail (worn)
 k - a +0 cloak (worn)
Scrolls
 h - a scroll of identify {unknown}
 j - a scroll of teleportation {unknown}
Potions
 e - 2 potions of lignification {unknown}
 g - a potion of mutation {unknown}
 i - a potion of degeneration {unknown}
 l - a potion of resistance {unknown}
 m - a potion of ambrosia {unknown}


   Skills:
 - Level 3.0 Fighting
 + Level 3.9 Polearms
 - Level 2.4 Armour
 - Level 2.6 Shields


You had 2 spell levels left.
You didn't know any spells.
Your spell library was empty.

Dungeon Overview and Level Annotations

Branches:
Dungeon (2/15)

Altars:

Shops:
D:1 [(*[


Innate Abilities, Weirdness & Mutations

Your serpentine skin is tough. (AC +1)
You have supernaturally acute eyesight. (SInv)
Armour fits poorly on your strangely shaped body.
Your system is resistant to poisons. (rPois)
You cover ground very slowly.
You can spit poison.
You have a snake-like lower body.


Message History

The gnoll is heavily wounded.
The gnoll barely misses you.
You closely miss the gnoll.
The gnoll is heavily wounded.
The gnoll hits you with a +0 whip.
You hit the gnoll but do no damage.
The gnoll is moderately wounded.
The gnoll closely misses you.
You completely miss the gnoll.
The gnoll is moderately wounded.
The gnoll hits you with a +0 whip!
You hit the gnoll.
The gnoll is severely wounded.
The gnoll barely misses you.
You feel very mighty all of a sudden. The gnoll hits you with a +0 whip.
You barely miss the gnoll.
The gnoll is severely wounded.
You have got your breath back.
The gnoll barely misses you.
You barely miss the gnoll.
The gnoll is severely wounded.
The gnoll hits you but does no damage.
You puncture the gnoll!
You kill the gnoll!
You closely miss the gnoll. You block the gnoll's attack.
The gnoll hits you with a +0 whip. The gnoll hits you but does no damage.
You closely miss the gnoll. The gnoll hits you with a +0 whip.
You block the gnoll's attack.
You puncture the gnoll!
You kill the gnoll!
The gnoll hits you from afar with a +0 halberd!
* * * LOW HITPOINT WARNING * * *
The gnoll hits you but does no damage.
Things that are here:
a +0 whip; a +0 whip; a gnoll corpse You hit the gnoll.
The gnoll is moderately wounded.
The gnoll hits you with a +0 halberd!
You die...

### ##|##
##########.).#####
#.................
#.#######....##### #.#
#.#.#### #g# #.#.#..
#@# #####...#.####
##.###.....#.#....#
#####...##.##.###.....#
........>......#.<....#
#####....#[........#.##
##..#..###.....# #
...###........... #.##(
.######..##. #. #.#
#..# .#


You could see a gnoll.

Vanquished Creatures
  2 gnolls (D:2)
  4 endoplasms (D:1)
  A giant cockroach (D:1)
  A goblin (D:1)
  4 hobgoblins (D:1)
  A kobold (D:1)
  A quokka (D:1)
  3 ball pythons
  4 bats (D:1)
  A frilled lizard (D:1)
  6 rats (D:1)
28 creatures vanquished.

Notes
Turn   | Place    | Note
-------+----------+-------------------------------------------
     0 | D:1      | Araneus the Naga Fighter began the quest for the Orb.
     0 | D:1      | Reached XP level 1. HP: 21/21 MP: 1/1
   214 | D:1      | Reached XP level 2. HP: 25/28 MP: 2/2
   269 | D:1      | Found a faded altar of an unknown god.
   357 | D:1      | Found Dusalit's Antique Armour Boutique.
   696 | D:1      | Found Afuzac's Weapon Boutique.
   917 | D:1      | Found Pacril's General Store.
  1087 | D:1      | Reached XP level 3. HP: 34/34 MP: 3/3
  1251 | D:1      | Found Weamasmo's Armour Boutique.
  1549 | D:2      | Slain by a gnoll

Illustrated notes

Levels and vault maps discovered:
D:1:      erik_arrival_cave_to_civilisation [erik_arrival_cave_to_hall],
          layout_basic, serial_shops, nicolae_lakefront_shop,
          nicolae_square_shop, nicolae_shop_competitors_out_of_business,
          shop_statue, hellmonk_ecumenical_altar_run_dry, fountainhead
D:2:      layout_loops_ring, basic_altar

Skill      XL: |  1  2 |
---------------+-------+-----
Polearms       | 3 |  3.9
Fighting       | |  3.0
Armour         | |  2.4
Shields        | |  2.6

Action                   || total
-------------------------++-------
Melee: Trident           ||    83
 Abil: Spit Poison       ||     2
  Use: Potion            ||     1
Armor: Chain mail        ||    36
Dodge: Dodged            ||    17
Block: Buckler           ||    11
